PAAA
GRYFINDOR BRAVES @ ATHLETIC CLUB KC RESERVES
07/27/2028
 
TOP OF THE 1ST
Gryfindor Braves batting - Pitching for Athletic Club KC Reserves : RHP 聲gel Rivera
Pitching: RHP 聲gel Rivera
Batting: RHB Ralph Cranford 0-0: Ball
1-0: Foul Ball, location: 2F
1-1: Fly out, F6 (Popup, 56D)
Batting: RHB Roy Herring 0-0: Ball
1-0: Swinging Strike
1-1: Called Strike
1-2: Foul Ball, location: 2F
1-2: Ball
2-2: Ground out 6-3 (Groundball, 6S)
Batting: RHB Gonzalo 聲gel 0-0: Ball
1-0: Ball
2-0: Called Strike
2-1: Foul Ball, location: 2F
2-2: Ball
3-2: Fly out, F9 (Flyball, 9LSF)
Top of the 1st over - 0 run(s), 0 hit(s), 0 error(s), 0 left on base; Gryfindor 0 - Athletic Club KC 0
BOTTOM OF THE 1ST
Athletic Club KC Reserves batting - Pitching for Gryfindor Braves : RHP Marv Bradford
Pitching: RHP Marv Bradford
Batting: RHB Filip Huigen 0-0: Called Strike
0-1: Fly out, F4 (Popup, 4)
Batting: LHB Ben Fleming 0-0: Foul Ball, location: 2F
0-1: Reached via error on a dropped throw, E3
Batting: RHB Richard Younger 0-0: Called Strike
0-1: Ball
1-1: Called Strike
1-2: Grounds into double play, 6-4-3 (Groundball, 6)
Bottom of the 1st over - 0 run(s), 0 hit(s), 1 error(s), 0 left on base; Gryfindor 0 - Athletic Club KC 0
TOP OF THE 2ND
Gryfindor Braves batting - Pitching for Athletic Club KC Reserves : RHP 聲gel Rivera
Batting: LHB Brent van Schoonhoven 0-0: Called Strike
0-1: Foul Ball, location: 2F
0-2: Foul Ball, location: 2F
0-2: Ball
1-2: SOLO HOME RUN (Flyball, 89XD), Distance : 391 ft
Batting: SHB F幨ix Cruz 0-0: Foul Ball, location: 2F
0-1: Fly out, F8 (Flyball, 89M)
Batting: RHB Ed Whitaker 0-0: Called Strike
0-1: Ball
1-1: Ball
2-1: SINGLE (Line Drive, 6MD)
Batting: LHB Ken Watanabe 0-0: Ball
1-0: Swinging Strike
1-1: Ball
2-1: Ball
3-1: Foul Ball, location: 2F
3-2: Foul Ball, location: 2F
3-2: Base on Balls
Ed Whitaker to second
Batting: RHB Ernesto Souza 0-0: Called Strike
0-1: Ball
1-1: Foul Ball, location: 2F
1-2: Foul Ball, location: 2F
1-2: Strikes out swinging
Batting: LHB William Wise 0-0: Ball
1-0: Fly out, F8 (Flyball, 8LM)
Top of the 2nd over - 1 run(s), 2 hit(s), 0 error(s), 2 left on base; Gryfindor 1 - Athletic Club KC 0
BOTTOM OF THE 2ND
Athletic Club KC Reserves batting - Pitching for Gryfindor Braves : RHP Marv Bradford
Batting: LHB Chris Hill 0-0: Foul Ball, location: 2F
0-1: Ball
1-1: Ball
2-1: SINGLE (Line Drive, 4MD)
Batting: SHB Sang-your Yu 0-0: Called Strike
0-1: Fly out, F7 (Flyball, 7LS)
Batting: LHB Enrique Miranda 0-0: Ball
1-0: Foul Ball, location: 2F
1-1: Ball
2-1: Ball
3-1: Foul Ball, location: 2F
3-2: SINGLE (Line Drive, 4M)
Chris Hill to second
Batting: RHB Geoff Rivers 0-0: Ball
1-0: Foul Ball, location: 2F
1-1: Ball
2-1: Foul Ball, location: 2F
2-2: Ball
3-2: Strikes out swinging
Batting: RHB Pedro Sol疄 0-0: SINGLE (Groundball, 6M) (infield hit)
Chris Hill to third
Enrique Miranda to second
Batting: RHB Chris Teague 0-0: Fielders Choice at 2nd, 6-4 (Groundball, 6)
Bottom of the 2nd over - 0 run(s), 3 hit(s), 0 error(s), 2 left on base; Gryfindor 1 - Athletic Club KC 0
TOP OF THE 3RD
Gryfindor Braves batting - Pitching for Athletic Club KC Reserves : RHP 聲gel Rivera
Batting: RHB Ralph Cranford 0-0: Ball
1-0: Ball
2-0: Foul Ball, location: 2F
2-1: Foul Ball, location: 2F
2-2: Strikes out looking
Batting: RHB Roy Herring 0-0: Ball
1-0: Foul Ball, location: 2F
1-1: Ball
2-1: Swinging Strike
2-2: Foul Ball, location: 2F
2-2: Foul Ball, location: 2F
2-2: DOUBLE (Flyball, 8LD)
Batting: RHB Gonzalo 聲gel 0-0: Ball
1-0: Swinging Strike
1-1: 2-RUN HOME RUN (Flyball, 7D), Distance : 368 ft
Batting: LHB Brent van Schoonhoven 0-0: Called Strike
0-1: Ball
1-1: Foul Ball, location: 2F
1-2: Fly out, F6 (Popup, 6D)
Batting: SHB F幨ix Cruz 0-0: Ball
1-0: Ball
2-0: Ball
3-0: Fly out, F7 (Flyball, 7LS)
Top of the 3rd over - 2 run(s), 2 hit(s), 0 error(s), 0 left on base; Gryfindor 3 - Athletic Club KC 0
BOTTOM OF THE 3RD
Athletic Club KC Reserves batting - Pitching for Gryfindor Braves : RHP Marv Bradford
Batting: RHB Filip Huigen 0-0: Ball
1-0: Ball
2-0: Fly out, F9 (Flyball, 9S)
Batting: LHB Ben Fleming 0-0: Ball
1-0: Ball
2-0: Ground out U3 (Groundball, 34)
Batting: RHB Richard Younger 0-0: Called Strike
0-1: Ground out 5-3 (Groundball, 5)
Bottom of the 3rd over - 0 run(s), 0 hit(s), 0 error(s), 0 left on base; Gryfindor 3 - Athletic Club KC 0
TOP OF THE 4TH
Gryfindor Braves batting - Pitching for Athletic Club KC Reserves : RHP 聲gel Rivera
Batting: RHB Ed Whitaker 0-0: Called Strike
0-1: Swinging Strike
0-2: Ball
1-2: Foul Ball, location: 2F
1-2: Strikes out swinging
Batting: LHB Ken Watanabe 0-0: Called Strike
0-1: Foul Ball, location: 2F
0-2: Foul Ball, location: 2F
0-2: Fly out, F7 (Flyball, 7)
Batting: RHB Ernesto Souza 0-0: Ball
1-0: Ball
2-0: Ball
3-0: Base on Balls
Batting: LHB William Wise 0-0: Called Strike
0-1: Ball
1-1: Ball
2-1: Called Strike
2-2: Strikes out swinging
Top of the 4th over - 0 run(s), 0 hit(s), 0 error(s), 1 left on base; Gryfindor 3 - Athletic Club KC 0
BOTTOM OF THE 4TH
Athletic Club KC Reserves batting - Pitching for Gryfindor Braves : RHP Marv Bradford
Batting: LHB Chris Hill 0-0: Fly out, F7 (Line Drive, 78D)
Batting: SHB Sang-your Yu 0-0: Swinging Strike
0-1: Ball
1-1: Foul Ball, location: 2F
1-2: Foul Ball, location: 2F
1-2: Strikes out swinging
Batting: LHB Enrique Miranda 0-0: Called Strike
0-1: Called Strike
0-2: Ball
1-2: Ball
2-2: DOUBLE (Groundball, 3L)
Batting: RHB Geoff Rivers 0-0: Fly out, F9 (Flyball, 9S)
Bottom of the 4th over - 0 run(s), 1 hit(s), 0 error(s), 1 left on base; Gryfindor 3 - Athletic Club KC 0
TOP OF THE 5TH
Gryfindor Braves batting - Pitching for Athletic Club KC Reserves : RHP 聲gel Rivera
Batting: RHB Ralph Cranford 0-0: Ball
1-0: Called Strike
1-1: Ball
2-1: Reached on error, E6 (Groundball, 6)
Batting: RHB Roy Herring 0-0: Ball
1-0: Bunt missed!
1-1: Ball
2-1: Ball
3-1: Bunt missed!
3-2: Strikes out swinging
Ralph Cranford steals 2nd base
Batter strikes out.
Batting: RHB Gonzalo 聲gel 0-0: Ball
1-0: Called Strike
1-1: Called Strike
1-2: Foul Ball, location: 2F
1-2: Fly out, F8 (Flyball, 8LS)
Batting: LHB Brent van Schoonhoven 0-0: Ball
1-0: Ball
2-0: Swinging Strike
2-1: Ball
3-1: Swinging Strike
3-2: Foul Ball, location: 2F
3-2: Base on Balls
Batting: SHB F幨ix Cruz 0-0: Called Strike
0-1: Ball
1-1: Foul Ball, location: 2F
1-2: Ball
2-2: Foul Ball, location: 2F
2-2: SINGLE (Groundball, 34D)
Ralph Cranford to third
Brent van Schoonhoven to second
Runner from 3rd tries for Home, SAFE, no throw
Batting: RHB Ed Whitaker 0-0: Called Strike
0-1: DOUBLE (Line Drive, 7LS)
Brent van Schoonhoven scores
F幨ix Cruz to third
Batting: LHB Ken Watanabe 0-0: Ball
1-0: Called Strike
1-1: Ball
2-1: SINGLE (Line Drive, 4D)
F幨ix Cruz scores
Ed Whitaker to third
Runner from 3rd tries for Home, SAFE, no throw
Pitching: LHP Em璱io Raias
Batting: RHB Ernesto Souza 0-0: Fielders Choice at 2nd, 5-4 (Groundball, 56)
Top of the 5th over - 4 run(s), 3 hit(s), 1 error(s), 0 left on base; Gryfindor 7 - Athletic Club KC 0
BOTTOM OF THE 5TH
Athletic Club KC Reserves batting - Pitching for Gryfindor Braves : RHP Marv Bradford
Batting: RHB Pedro Sol疄 0-0: Foul Ball, location: 2F
0-1: Called Strike
0-2: Ground out 5-3 (Groundball, 56)
Batting: RHB Chris Teague 0-0: Ball
1-0: Ball
2-0: Ball
3-0: Base on Balls
Batting: RHB Filip Huigen 0-0: Ball
1-0: Foul Ball, location: 2F
1-1: Foul Ball, location: 2F
1-2: Ball
2-2: Foul Ball, location: 2F
2-2: Strikes out looking
Batting: LHB Ben Fleming 0-0: Ball
1-0: Ball
2-0: Ball
3-0: Called Strike
3-1: Base on Balls
Chris Teague to second
Batting: RHB Richard Younger 0-0: Ball
1-0: Called Strike
1-1: Ball
2-1: Fly out, F8 (Flyball, 8LS)
Bottom of the 5th over - 0 run(s), 0 hit(s), 0 error(s), 2 left on base; Gryfindor 7 - Athletic Club KC 0
TOP OF THE 6TH
Gryfindor Braves batting - Pitching for Athletic Club KC Reserves : LHP Em璱io Raias
Batting: LHB William Wise 0-0: Called Strike
0-1: Swinging Strike
0-2: Foul Ball, location: 2F
0-2: Ball
1-2: SINGLE (Flyball, 89M)
Batting: RHB Ralph Cranford 0-0: Ball
1-0: Called Strike
1-1: Foul Ball, location: 2F
1-2: Strikes out swinging
Batting: RHB Roy Herring 0-0: Ball
1-0: Ball
2-0: Ball
3-0: Called Strike
3-1: Fly out, F7 (Flyball, 7)
Batting: RHB Gonzalo 聲gel 0-0: Foul Ball, location: 2F
0-1: Foul Ball, location: 2F
0-2: Ball
1-2: Ball
2-2: Strikes out swinging
Top of the 6th over - 0 run(s), 1 hit(s), 0 error(s), 1 left on base; Gryfindor 7 - Athletic Club KC 0
BOTTOM OF THE 6TH
Athletic Club KC Reserves batting - Pitching for Gryfindor Braves : RHP Marv Bradford
Batting: LHB Chris Hill 0-0: Ball
1-0: Ball
2-0: Swinging Strike
2-1: Called Strike
2-2: Foul Ball, location: 2F
2-2: Foul Ball, location: 2F
2-2: Foul Ball, location: 2F
2-2: Ground out 6-3 (Groundball, 6)
Batting: SHB Sang-your Yu 0-0: Called Strike
0-1: Swinging Strike
0-2: Ball
1-2: Ball
2-2: Strikes out swinging
Batting: LHB Enrique Miranda 0-0: Called Strike
0-1: Ball
1-1: Hit by Pitch
Batting: RHB Geoff Rivers 0-0: Ball
1-0: Ball
2-0: Called Strike
2-1: Ball
3-1: 2-RUN HOME RUN (Flyball, 8RXD), Distance : 429 ft
Batting: RHB Pedro Sol疄 0-0: Ball
1-0: Fly out, F6 (Popup, 6D)
Bottom of the 6th over - 2 run(s), 1 hit(s), 0 error(s), 0 left on base; Gryfindor 7 - Athletic Club KC 2
TOP OF THE 7TH
Gryfindor Braves batting - Pitching for Athletic Club KC Reserves : LHP Em璱io Raias
Batting: LHB Brent van Schoonhoven 0-0: Ball
1-0: Called Strike
1-1: Ball
2-1: Ball
3-1: Fly out, F8 (Flyball, 78D)
Batting: SHB F幨ix Cruz 0-0: Called Strike
0-1: Called Strike
0-2: Strikes out swinging
Batting: RHB Ed Whitaker 0-0: Called Strike
0-1: Ball
1-1: Ground out 1-3 (Groundball, 13S)
Top of the 7th over - 0 run(s), 0 hit(s), 0 error(s), 0 left on base; Gryfindor 7 - Athletic Club KC 2
BOTTOM OF THE 7TH
Athletic Club KC Reserves batting - Pitching for Gryfindor Braves : RHP Marv Bradford
Batting: RHB Chris Teague 0-0: Foul Ball, location: 2F
0-1: Ball
1-1: Ball
2-1: Ball
3-1: Base on Balls
Batting: RHB Filip Huigen 0-0: Ball
1-0: Ball
2-0: Swinging Strike
2-1: Swinging Strike
2-2: Ball
3-2: Foul Ball, location: 2F
3-2: Foul Ball, location: 2F
3-2: Strikes out swinging
Pitching: RHP George Armstrong
Batting: LHB Ben Fleming 0-0: Called Strike
Chris Teague steals 2nd base
0-1: Ball
1-1: Ball
2-1: Foul Ball, location: 2F
2-2: Foul Ball, location: 2F
2-2: SINGLE (Groundball, 34D)
Chris Teague to third
Runner from 3rd tries for Home, SAFE, throw made home
Batting: RHB Richard Younger 0-0: Ball
1-0: Ball
2-0: Foul Ball, location: 2F
2-1: Foul Ball, location: 2F
2-2: Fly out, F7 (Flyball, 7)
Batting: LHB Chris Hill 0-0: Called Strike
0-1: Swinging Strike
0-2: Reached on error, E4 (Groundball, 4)
Ben Fleming to second
Batting: SHB Sang-your Yu 0-0: Foul Ball, location: 2F
0-1: Swinging Strike
0-2: Strikes out swinging
Bottom of the 7th over - 1 run(s), 1 hit(s), 1 error(s), 2 left on base; Gryfindor 7 - Athletic Club KC 3
TOP OF THE 8TH
Gryfindor Braves batting - Pitching for Athletic Club KC Reserves : LHP Em璱io Raias
Pitching: RHP Haden Pittman
Batting: LHB Ken Watanabe 0-0: Ball
1-0: Ball
2-0: Called Strike
2-1: Swinging Strike
2-2: Ball
3-2: Strikes out swinging
Batting: RHB Ernesto Souza 0-0: Ball
1-0: Swinging Strike
1-1: Foul Ball, location: 2F
1-2: Foul Ball, location: 2F
1-2: Strikes out swinging
Batting: LHB William Wise 0-0: Foul Ball, location: 2F
0-1: Ball
1-1: Foul Ball, location: 2F
1-2: Foul Ball, location: 2F
1-2: Ball
2-2: SOLO HOME RUN (Flyball, 9D), Distance : 364 ft
Batting: RHB Ralph Cranford 0-0: Ball
1-0: Ball
2-0: Called Strike
2-1: SINGLE (Line Drive, 56)
Batting: RHB Roy Herring 0-0: Called Strike
0-1: Fly out, F9 (Flyball, 9S)
Top of the 8th over - 1 run(s), 2 hit(s), 0 error(s), 1 left on base; Gryfindor 8 - Athletic Club KC 3
BOTTOM OF THE 8TH
Athletic Club KC Reserves batting - Pitching for Gryfindor Braves : RHP George Armstrong
Batting: LHB Enrique Miranda 0-0: Called Strike
0-1: Ball
1-1: Ball
2-1: Foul Ball, location: 2F
2-2: Foul Ball, location: 2F
2-2: Foul Ball, location: 2F
2-2: Fly out, F9 (Flyball, 89M)
Batting: RHB Geoff Rivers 0-0: Ball
1-0: Foul Ball, location: 2F
1-1: Fly out, F6 (Popup, 6D)
Batting: RHB Pedro Sol疄 0-0: Ball
1-0: Called Strike
1-1: Ground out 6-3 (Groundball, 56)
Bottom of the 8th over - 0 run(s), 0 hit(s), 0 error(s), 0 left on base; Gryfindor 8 - Athletic Club KC 3
TOP OF THE 9TH
Gryfindor Braves batting - Pitching for Athletic Club KC Reserves : RHP Haden Pittman
Batting: RHB Gonzalo 聲gel 0-0: Ball
1-0: Called Strike
1-1: Ball
2-1: Called Strike
2-2: Ball
3-2: Base on Balls
Batting: LHB Brent van Schoonhoven 0-0: Called Strike
0-1: Swinging Strike
0-2: Ball
1-2: Foul Ball, location: 2F
1-2: Strikes out swinging
Batting: SHB F幨ix Cruz 0-0: Called Strike
0-1: Foul Ball, location: 2F
0-2: Strikes out swinging
Batting: RHB Ed Whitaker 0-0: Called Strike
0-1: Ball
1-1: Ball
2-1: Foul Ball, location: 2F
2-2: Strikes out swinging
Top of the 9th over - 0 run(s), 0 hit(s), 0 error(s), 1 left on base; Gryfindor 8 - Athletic Club KC 3
BOTTOM OF THE 9TH
Athletic Club KC Reserves batting - Pitching for Gryfindor Braves : RHP George Armstrong
Now in LF: Micheal Garren
Batting: RHB Chris Teague 0-0: Fly out, F4 (Popup, 4)
Batting: RHB Filip Huigen 0-0: Foul Ball, location: 2F
0-1: Foul Ball, location: 2F
0-2: Ball
1-2: Ball
2-2: Strikes out looking
Batting: LHB Ben Fleming 0-0: Ball
1-0: Ball
2-0: Swinging Strike
2-1: Foul Ball, location: 2F
2-2: Ball
3-2: Fly out, F7 (Flyball, 78S)
Bottom of the 9th over - 0 run(s), 0 hit(s), 0 error(s), 0 left on base; Gryfindor 8 - Athletic Club KC 3
Friday, August 18th, 2017 - OOTP Baseball 17.12 Build 75